 Dungeon Crawl Stone Soup version 0.17-a0-1403-g9df874c (webtiles) character file.

267 nono the Covered (level 6, -1/40 HPs)
             Began as a Gargoyle Fighter on June 20, 2015.
             Was an Initiate of Ashenzari.
             Killed by nerve-wracking pain
             ... invoked by an orc priest
              (11 damage)
             ... on level 4 of the Dungeon.
             The game lasted 00:06:41 (2489 turns).

nono the Covered (Gargoyle Fighter)                 Turns: 2489, Time: 00:06:42

Health: -1/40      AC: 18    Str: 25    XL:     6   Next: 21%
Magic:  6/6        EV:  4    Int:  8    God:    Ashenzari [......]
Gold:   137        SH:  9    Dex: 11    Spells: 0 memorised, 5 levels left

rFire  . . .     SeeInvis .     j - +0 dagger (drain) (curse)
rCold  . . .     Clarity  .     q - +0 plate armour
rNeg   + . .     SustAt   .     c - +0 shield (curse)
rPois  ∞         Gourm    .     u - +0 helmet
rElec  +         Spirit   .     (no cloak)
rCorr  .         Warding  .     (no gloves)
rMut   .         Stasis   .     (no boots)
MR     .....                    (no amulet)
Stlth  ..........               (no ring)
                                (no ring)

@: mighty, not resistant to hostile enchantments, extremely unstealthy
A: negative energy resistance 1, electricity resistance, unbreathing,
petrification resistance, rot immunity, AC +4
a: Renounce Religion


You were on level 4 of the Dungeon.
You worshipped Ashenzari.
Ashenzari was noncommittal.
You were not hungry.

You visited 1 branch of the dungeon, and saw 4 of its levels.

You collected 137 gold pieces.

Inventory:

Hand weapons
 a - a +0 flail
 j - a cursed +0 dagger of draining (weapon)
Armour
 b - a +0 scale mail
 c - a cursed +0 shield (worn)
 q - a +0 plate armour (worn)
 u - a +0 helmet (worn)
Scrolls
 f - a scroll of noise {unknown}
 h - 2 scrolls of enchant armour {unknown}
 i - a scroll of immolation {unknown}
 k - 2 scrolls of fog {unknown}
 l - 5 scrolls of teleportation {unknown}
 m - 4 scrolls of identify {unknown}
 p - 2 scrolls of enchant weapon {unknown}
 t - a scroll of curse armour
 v - 2 scrolls of amnesia {unknown}
Potions
 g - a potion of curing
 n - 2 potions of ambrosia {unknown}
 r - a potion of agility {unknown}
 s - a potion of cancellation {unknown}
 z - a potion of invisibility {unknown}
Comestibles
 e - 3 bread rations
 o - a beef jerky
 w - 2 fruits
 x - 4 chunks of flesh


   Skills:
 + Level 5.5 Fighting
 - Level 2.0 Maces & Flails
 + Level 5.9 Armour
 - Level 3.2 Shields


You had 5 spell levels left.
You didn't know any spells.

Dungeon Overview and Level Annotations

Branches:
Dungeon (4/15)
 Temple: D:4-7

Altars:
Ashenzari
Cheibriados
Elyvilon
Makhleb
Sif Muna
Vehumet
The Shining One


Innate Abilities, Weirdness & Mutations

You are resistant to torment.
Your stone body is resilient (AC +4).
You are immune to poison.
You resist negative energy.
You are resistant to electric shocks.
You can survive without breathing.
You are immune to petrification.
You are immune to rotting.


Message History

You feel a wave of unholy energy pass over you.
You closely miss the orc priest. You block the orc's attack.
The rat bites you but does no damage. You block the orc priest's attack.
You puncture the orc priest! You drain the orc priest!
The orc priest is almost dead.
The adder bites you but does no damage. The rat barely misses you.
You block the orc's attack.
The orc priest hits you but does no damage.
You block the adder's attack.
You closely miss the orc priest.
The orc priest is almost dead.
The rat bites you but does no damage.
The orc priest hits you but does no damage.
You block the orc's attack. The adder bites you but does no damage.
You closely miss the orc priest.
The orc priest is almost dead.
The adder bites you but does no damage. You block the rat's attack.
The orc priest mumbles some strange prayers to Beogh against you.
Pain shoots through your body!
You die...

## #. # #. .#
#.#####'####
#...........
#.)oS.....##.#
#####..r@.....##.#
.......o......##.#
######........##.#
#........##(#####
##'#............#
#.########.....#
#.........<....#
###..########....#
#.........# #....+


You could see an orc priest, an adder, an orc and a rat.

Vanquished Creatures
  An ogre (D:4)
  A hound (D:4)
  An orc wizard (D:4)
  An iguana (D:4)
  2 adders
  3 worms
  A giant gecko (D:3)
  6 orcs (D:4)
  11 bats
  3 giant cockroaches
  7 hobgoblins
  4 jackals
  9 kobolds
  2 giant newts (D:2)
  7 goblins
  13 rats
72 creatures vanquished.

Notes
Turn   | Place    | Note
--------------------------------------------------------------
     0 | D:1      | nono the Gargoyle Fighter began the quest for the Orb.
     0 | D:1      | Reached XP level 1. HP: 14/14 MP: 1/1
   205 | D:1      | Reached XP level 2. HP: 19/19 MP: 2/2
   377 | D:1      | Reached skill level 4 in Armour
   560 | D:1      | Reached XP level 3. HP: 24/24 MP: 3/3
   856 | D:2      | Found a deep blue altar of Sif Muna.
   948 | D:2      | Found a snail-covered altar of Cheibriados.
  1340 | D:3      | Found a glowing golden altar of the Shining One.
  1397 | D:3      | Reached XP level 4. HP: 26/29 MP: 4/4
  1603 | D:3      | Found a burning altar of Makhleb.
  1978 | D:2      | Found a shattered altar of Ashenzari.
  1986 | D:2      | Became a worshipper of Ashenzari the Shackled
  2116 | D:4      | Reached skill level 5 in Armour
  2116 | D:4      | Reached XP level 5. HP: 31/34 MP: 5/5
  2160 | D:4      | Found a white marble altar of Elyvilon.
  2177 | D:4      | Found a radiant altar of Vehumet.
  2280 | D:4      | Noticed an ogre
  2291 | D:4      | Killed an ogre
  2291 | D:4      | Reached skill level 5 in Fighting
  2291 | D:4      | Reached XP level 6. HP: 33/40 MP: 6/6
  2489 | D:4      | Killed from afar by an orc priest

Vault maps used:
D:1:      tarquinn_simple_flora_water_b
D:2:      wad_pebble_path, cheibriados_altar_1, overflow_temple_1_default,
          nicolae_overflow_hidden_temple, first_bread, due_unseen_surprise
D:3:      lemuel_crystal_altar, tso_metal_star
D:4:      kennysheep_mini, kennysheep_mini_moat, nemelex_dance_club_becter

Action                   |  1- 3 |  4- 6 || total
-------------------------+-------+-------++-------
Melee: Dagger            |   163 |   143 ||   306
       Flail             |     1 |       ||     1
  Use: Scroll            |       |     2 ||     2
       Potion            |       |     3 ||     3
  Eat: Chunk             |     1 |     5 ||     6
